Workbook

Sheet ABOUT
B2: About the Sustainability Reporting Standard for Social Housing (SRS or the Standard)
B3: The SRS is designed to be a consistent, transparent, and comparable way to report Environmental, Social and Governance (ESG) performance for Housing Providers in the UK. It is developed and managed by Sustainability for Housing - https://sustainabilityforhousing.org.uk/
B4: Reporting Expectations
B5: - Adopters of the SRS should publicly report against the criteria on an annual basis. - Adopters of the SRS should report using a ‘comply or explain’ approach in their reports i.e. where providers are unable to report against a criterion (for example, because they do not have the data) they should describe steps they are taking, and the expected date, that they will be able to do so. In this Input Tool, where they are unable to report, they should leave the response cell blank. - SRS reports should include year-on-year comparisons where relevant. - Where an SRS report has been through an external validation process, this should be explicitly described in the report. - Adopters should share their results with Housemark via this Input Tool.
B7: Using this Input Tool
B8: This Excel document is split into 3 sheets (accessible along the tabs at the bottom): 1) ABOUT - Information about the SRS and the spreadsheet (this page) 2) ESG Themes - Overview of the 8 themes of the SRS and their alignment to the SDGs 3) RESPONSE - The data input sheet where Adopters report against the criteria.
B10: Data Entry on Sheet titled 'RESPONSE'
B11: Please enter your responses in Column F and I.
B14: Version | C14: Date Tool Shared
B15: Spring 2026 SRS Criteria 2.1 | C15: 46125

Sheet ESG Themes
B2: ESG Area | C2: Theme # | D2: Theme Name | E2: Description | F2: SDG Goal | H2: SDG Target
B3: Environmental | C3: T1 | D3: Climate | E3: Prevents and mitigates the risk of climate change | F3: 13 | G3: Climate Action | H3: 13.2 | I3: 13.2: Integrate climate change measures into national policies, strategies and planning
C4: T2 | D4: Nature | E4: Promotes ecological sustainability | F4: 15 | G4: Life on Land | H4: 15.5 15.9 | I4: 15.5: Take urgent and significant action to reduce the degradation of natural habitats, halt the loss of biodiversity and, by 2020, protect and prevent the extinction of threatened species 15.9: By 2020, integrate ecosystem and biodiversity values into national and local planning, development processes, poverty reduction strategies and accounts
C5: T3 | D5: Resource Management | E5: Sustainable management of natural resources and responsible procurement | F5: 12 | G5: Responsible Consumption and Production | H5: 12.5 12.6 12.7 | I5: 12.5: By 2030, substantially reduce waste generation through prevention, reduction, recycling and reuse 12.6: Encourage companies, especially large and transnational companies, to adopt sustainable practices and to integrate sustainability information into their reporting cycle 12.7 Promote public procurement practices that are sustainable, in accordance with national policies and priorities
B6: Social | C6: T4 | D6: Affordability | E6: Provides affordable and secure housing | F6: 11 | G6: Sustainable Cities and Communities | H6: 11.1 | I6: 11.1: By 2030, ensure access for all to adequate, safe and affordable housing and basic services and upgrade slums
F7: 10 | G7: Reduced Inequalities | H7: 10.1 10.2 | I7: 10.1: By 2030, progressively achieve and sustain income growth of the bottom 40 per cent of the population at a rate higher than the national average 10.2: By 2030, empower and promote the social, economic and political inclusion of all, irrespective of age, sex, disability, race, ethnicity, origin, religion or economic or other status
C8: T5 | D8: Building Safety and Quality | E8: Resident safety and building quality are well managed | F8: 11 | G8: Sustainable Cities and Communities | H8: 11.1 | I8: 11.1: By 2030, ensure access for all to adequate, safe and affordable housing and basic services and upgrade slums
C9: T6 | D9: Residents and Community | E9: Listens to and supports residents and local communities | F9: 11 | G9: Sustainable Cities and Communities | H9: 11.3 | I9: 11.3: By 2030, enhance inclusive and sustainable urbanization and capacity for participatory, integrated and sustainable human settlement planning and management in all countries
B10: Governance | C10: T7 | D10: Structure and Board | E10: High-quality organisational leadership, accountability and oversight | F10: 16 | G10: Peace, Justice and Strong Institutions | H10: 16.6 16.7 | I10: 16.6: Develop effective, accountable and transparent institutions at all levels 16.7: Ensure responsive, inclusive, participatory and representative decision-making at all levels
C11: T8 | D11: Employees | E11: Supports employees | F11: 8 | G11: Decent Work and Economic Growth | H11: 8.5 | I11: 8.5: By 2030, achieve full and productive employment and decent work for all women and men, including for young people and persons with disabilities, and equal pay for work of equal value

Sheet Response
A1: DISCLOSURE AGAINST CRITERIA
F3: RESPONSE
D4: Housing Provider details | E4: Name (from dropdown - or type in if no name exists) | F4: Midland Heart
E5: Location (if in more than one English region, select ‘England’; if across multiple nations, select ‘United Kingdom’) | F5: England
E6: Date of SRS disclosure | F6: 46318
E7: Reporting period (month/year - month/year) | F7: 04/25 - 03/26 | G7: y
E8: Is the housing provider registered with the national regulator of social housing? | F8: Yes
E9: Which Code of Governance does the housing provider follow, if any? | F9: UK Corporate Governance Code 2024 | G9: ...(enter 'Other' governance code here)…
E10: Is the housing provider a Not-For-Profit? | F10: Yes
E11: If not, who is the largest shareholder?
E12: What is their % of economic ownership?
E13: What % of voting rights do they control?
A15: Theme # | C15: Criteria # | D15: Criteria | E15: Measurement Unit | F15: RESPONSE | G15: Enhanced Reporting Option | H15: Measurement Unit | I15: RESPONSE
A16: Climate | B16: T1 | C16: C1 | D16: Distribution of EPC ratings of the housing provider's existing homes (those completed before the last financial year). | E16: % of homes rated A | F16: 0.010960201 | G16: Average SAP rating of existing homes (those completed before the last financial year). | H16: Average Rating | I16: 74
E17: % of homes rated B | F17: 0.20671449 | G17: Energy use intensity of existing homes (those completed before the last financial year). | H17: kWh/m²/yr | I17: 194
E18: % of homes rated C | F18: 0.62039835
E19: % of homes rated D | F19: 0.16163566
E20: % of homes rated E or worse | F20: 0.00018206314
E21: % of homes without EPC rating (unknown) | F21: 0.00010923788
C22: C2 | D22: Distribution of EPC ratings of the housing provider's new homes (those completed in the last financial year). | E22: % of homes rated A | F22: 0.3 | G22: Average SAP rating of new homes (those completed in the last financial year). | H22: Average Rating | I22: 85
E23: % of homes rated B | F23: 0.7
E24: % of homes rated C | F24: 0
E25: % of homes rated D | F25: 0
E26: % of homes rated E or worse | F26: 0
E27: % of homes without EPC rating (unknown) | F27: 0
C28: C3 | D28: Does the housing provider have a Net Zero target and strategy? If so, what is it and when does the housing provider intend to be Net Zero by? | E28: Yes/No | F28: Yes | G28: Is the housing provider's net zero commitment in line with the Science Based Target (SBT) initiative? | H28: Yes/No | I28: Yes
E29: Qualitative response | F29: We have a corporate target to be net zero by 2050. We also have corporate mid-term targets to reduce our Scope 1 & 2 emissions within a WB2C pathway by 2030 and an EPC C or above target for all our homes by 2030. | G29: Does the housing provider have a costed net zero transition plan? | H29: Yes/No | I29: Partial. We have a plan to meet the current legal requirements, and we have stress tested further expenditure to meet draft MEES requirements to 2039
C30: C4 | D30: What progress has the housing provider achieved in the last 12 months towards its Net Zero targets and strategy? What retrofit activities has the housing provider undertaken in the last 12 months in relation to its housing stock? | E30: Qualitative response | F30: Our total CO2 emissions were 91,593 tonnes, representing a decrease of c.12,000 tonnes compared to last year. We are c.32,000 tonnes below our 2019-20 baseline and on track to meet our science based Well Below 2°C (WB2C) net zero target for 2050. Key drivers of change: • Property portfolio simplification – The sale of properties last year led to significant reductions in our Scope 1 and 2 purchased energy emissions. This has been partially offset by the building of new energy efficient homes. • Purchasing bulk renewable electricity – our purchased contracted electricity is fully renewable (REGO backed) since October 2025. • Fleet and travel emissions – Scope 1 fuel use from our van fleet increased slightly reflecting a higher number of jobs attended by operatives. Expensed fuel use by colleagues also rose, driven by increasing scheme visits and policy change. • Home energy efficiency – Improvements to independently heated homes delivered a combined c7,000 tonnes reduction in Scope 3 emissions. We have now reached 84% EPC C or above, up from 80% last year. Energy efficiency measures: We increased investment in energy efficiency through our retrofit programmes and Homes for Modern Living initiatives in tenants’ homes, and we built all new homes to a high energy-efficiency standard of EPC B or above. • 312 homes improved from EPC E–D to EPC C–A through our Social Housing Decarbonisation Fund (SHDF) Wave 2 programme • 871 new smart or automated meters (AMRs) installed since 2023 • 1,662 new energy-efficient boilers installed • 201 electric heating systems installed (including storage and panel heaters) • 621 solar PV arrays installed across existing homes, including in-roof PV through our re-roofing programme • 140 properties fitted with new double-glazed windows • 436 properties received insulation and triple-glazed windows • 849 insulation top-ups completed • 1,327 homes improved from EPC D (or below) to EPC C (or above) toward our 2030 goal | G30: Number of homes that have been retrofitted in the last financial year. | H30: # of homes | I30: 1327
G31: Homes that have been retrofitted in the last financial year as a percentage of the total homes the housing provider needs to retrofit to meet its net zero commitments. | H31: % of homes requiring retrofit activities | I31: =1327/5811 -> 0.22836001
C32: C5 | D32: Scope 1, Scope 2 and Scope 3 Green House Gas emissions Scope 1, Scope 2 and Scope 3 Green House Gas emissions per home If unable to report emissions data, please state when the housing provider is expected to be able to do so. | E32: Scope 1: tonnes CO2 equivalent | F32: 3024.9797 | G32: Does the housing provider qualify for SECR reporting? | H32: Yes/No | I32: Yes
E33: Scope 2: tonnes CO2 equivalent | F33: 667.63 | G33: SECR Intensity Ratio for Total Emissions (Scope 1-3) | H33: tonnes CO2e/m²
E34: Scope 3: tonnes CO2 [Category 1 – Purchased goods and services] | F34: 28319.328
E35: Scope 3: tonnes CO2 [Category 2 – Capital goods]
E36: Scope 3: tonnes CO2 [Category 3 – Fuel- and energy-related activities]
E37: Scope 3: tonnes CO2 [Category 4 – Upstream transportation and distribution] | F37: 152.82046
E38: Scope 3: tonnes CO2 [Category 5 – Waste generated in operations] | F38: 0.21557
E39: Scope 3: tonnes CO2 [Category 6 – Business travel] | F39: 248.65045
E40: Scope 3: tonnes CO2 [Category 7 – Employee commuting] | F40: 853.92088
E41: Scope 3: tonnes CO2 [Category 8 – Upstream leased assets]
E42: Scope 3: tonnes CO2 [Category 9 – Downstream transportation and distribution]
E43: Scope 3: tonnes CO2 [Category 10 – Processing of sold products]
E44: Scope 3: tonnes CO2 [Category 11 – Use of sold products]
E45: Scope 3: tonnes CO2 [Category 12 – End-of-life treatment of sold products]
E46: Scope 3: tonnes CO2 [Category 13 – Downstream leased assets] | F46: 58325.636
E47: Scope 3: tonnes CO2 [Category 14 – Franchises]
E48: Scope 3: tonnes CO2 [Category 15 – Investments]
E49: Scope 3: tonnes CO2 equivalent [Total] | F49: 87900.572
E50: Scope 1, 2, & 3: Total tonnes CO2 equivalent | F50: 91593.182
E51: Scope 1: tonnes CO2 equivalent / home | F51: 0.088073711
E52: Scope 2: tonnes CO2 equivalent / home | F52: 0.019438363
E53: Scope 3: tonnes CO2 / home [Category 1 – Purchased goods and services] | F53: 0.82453061
E54: Scope 3: tonnes CO2 / home [Category 2 – Capital goods] | F54: 0
E55: Scope 3: tonnes CO2 / home [Category 3 – Fuel- and energy-related activities] | F55: 0
E56: Scope 3: tonnes CO2 / home [Category 4 – Upstream transportation and distribution] | F56: 0.0044494399
E57: Scope 3: tonnes CO2 / home [Category 5 – Waste generated in operations] | F57: 6.2764223e-06
E58: Scope 3: tonnes CO2 / home [Category 6 – Business travel] | F58: 0.0072395752
E59: Scope 3: tonnes CO2 / home [Category 7 – Employee commuting] | F59: 0.024862309
E60: Scope 3: tonnes CO2 / home [Category 8 – Upstream leased assets] | F60: 0
... E69: Scope 1, 2, & 3: Total tonnes CO2 equivalent / home | F69: 2.6667787
E70: Expected Reporting Date (if appropriate)
C71: C6 | D71: Has the housing provider mapped and assessed the increased flood risks to its homes caused by climate change in the last 2 years? How is the housing provider mitigating these risks? | E71: Yes/No | F71: Yes | G71: Has the housing provider mapped and assessed any other additional climate risks, such as wildfire or storms, to its homes in the last 2 years? | H71: Yes/No | I71: Yes
E72: Qualitative response | F72: Our Risk Management Policy sets out how we identify and manage strategic and operational climate risks. The Board Audit and Risk Committee reviews strategic risks quarterly, including transitional risks arising from decarbonisation like the cost of retrofitting homes, and emerging risks such as more frequent severe weather events and policy change. We work with retained insurance and risk consultants, Gibbs Laidler, alongside insurer reviews and independent analysis from SHIFT, to help monitor physical climate risks across our portfolio and horizon-scan for emerging threats. Key threats for the sector include flooding, windstorm, and overheating. Gibbs Laidler assesses flood and storm risk factors at postcode level and aggregates these into an overall location score to support prioritisation and mitigation planning. Approximately 4% of our homes are at medium to high risk of flooding. Mitigation and management actions include: Adherence to building and planning standards in new build developments, maintenance of grounds and drainage infrastructure, supporting tenants with remediation action, and working with Local Authorities to review changing climate risk.
C73: C7 | D73: Has the housing provider mapped and assessed the increased water stress risks to its homes caused by climate change in the last 2 years? How is the housing provider mitigating these risks? | E73: Yes/No | F73: No | G73: How is the housing provider mitigating these risks? | H73: Qualitative response | I73: We work with retained insurance and risk consultants, Gibbs Laidler, alongside insurer reviews and independent analysis from SHIFT, to help monitor physical climate risks across our portfolio and horizon-scan for emerging threats. Key threats for the sector include flooding, windstorm, and overheating. Gibbs Laidler assesses flood and storm risk factors at postcode level and aggregates these into an overall location score to support prioritisation and mitigation planning.
E74: Qualitative response | F74: We have not mapped and assessed water stress risks in our homes. We have worked with retained insurance and risk consultants, Gibbs Laidler, alongside insurer reviews, to help monitor physical climate risks across our portfolio and horizon-scan for emerging threats including subsidence. For water stress risks in our homes we are updating the specifications for our new build and existing homes to improve the efficiency of water use devices. Our new Sustainability Plan to 2030 sets out a target to embed more efficient water use devices into our kitchens & bathrooms upgrade programmes. | G74: Has the housing provider assessed its climate-related transition risks? | H74: Yes/No | I74: Yes
C75: C8 | D75: Has the housing provider mapped and assessed the increased overheating risks to its homes caused by climate change in the last 2 years? How is the housing provider mitigating these risks? | E75: Yes/No | F75: Yes
E76: Qualitative response | F76: Our Sustainability Plan to 2030 sets out how we are managing the risk of overheating. We face three main climate-related risk categories: transitional financial, transitional non-financial, and physical risks. Across all areas, including finance, policy change, and supply chain resilience, risks are being strategically and operationally managed. A few areas (like policy and severe weather impacts) are noted as emerging risks, but overall risk management systems are in place. Our Risk Management Policy sets out how we identify and manage strategic and operational climate risks. The Board Audit and Risk Committee reviews strategic risks quarterly, including transitional risks arising from decarbonisation like the cost of retrofitting homes, and emerging risks such as more frequent severe weather events and policy change. To mitigate and manage the risk of overheating we are delivering: Compliance with TM59 overheating assessments in new homes, where required, investment in our existing homes to improve insulation standards and airflow through natural and mechanical ventilation, managing defects and related issues to heating and cooling system efficiency and effectiveness, and supporting tenants in significant weather events with advice and direct support in emergency conditions. This includes the use of Aico sensors as detailed in our ESG Report. | G76: How is the housing provider mitigating these risks? | H76: Qualitative response | I76: We face three main climate-related risk categories: transitional financial, transitional non-financial, and physical risks. Across all areas, including finance, policy change, and supply chain resilience, risks are being strategically and operationally managed. A few areas (like policy and severe weather impacts) are noted as emerging risks, but overall risk management systems are in place. Our Risk Management Policy sets out how we identify and manage strategic and operational climate risks. The Board Audit and Risk Committee reviews strategic risks quarterly, including transitional risks arising from decarbonisation like the cost of retrofitting homes, and emerging risks such as more frequent severe weather events and policy change.We aim to align with IFRS S1 and S2 where relevant and applicable.
A78: Nature | B78: T2 | C78: C9 | D78: Does the housing provider have a strategy to enhance green space and promote biodiversity on or near homes? If yes, please describe, with reference to targets in this area. If no, is the housing provider planning on producing one in the next 12 months? | E78: Yes / No / No, but planning to develop one | F78: Yes | G78: Average Biodiversity Net Gain (BNG) per development, of developments that have gained planning permission in the past year | H78: % | I78: 0.1
E79: Qualitative response | F79: The Sustainability Plan includes a strategy to enhance green space and biodiversity through its new build programme and wider neighbourhood investment approach. The plan commits to delivering new homes in nature-positive schemes, protecting and enhancing biodiversity, integrating green spaces into developments, and balancing housing growth with environmental stewardship. It also identifies biodiversity and ecosystems as a material sustainability theme and commits to improving environmental conditions within local neighbourhoods. The housing provider has set specific targets by 2030, including delivering 2,750 new homes built to enhanced sustainability standards and targeting the delivery of onsite Biodiversity Net Gain (BNG), where required. The plan states that nature-positive measures will provide tangible benefits for tenants and nature, while helping to manage flood risk and urban overheating through natural solutions. In addition, locality-based environmental improvement projects will be delivered alongside tenants, focusing on outdoor and shared spaces within communities. | G79: Does the housing provider have a Biodiversity Net Gain target for new homes? | H79: Yes / No / No, but planning to develop one | I79: Yes
G80: Does this exceed minimum requirements? | H80: Yes / No | I80: No
C81: C10 | D81: Does the housing provider have a strategy to identify, manage and reduce pollutants that could cause material harm? If so, how does the housing provider target and measure performance? If planning to develop one, when does the housing provider expect it to be established? | E81: Yes / No / No, but planning to develop one | F81: Yes
E82: Qualitative response | F82: Midland Heart manages emergency hazards in line with Awaab’s Law and Our 2030 Plan supported by daily oversight, weekly reviews, and compliance reporting.Housing Health and Safety Rating System (HHSRS). Reports are triaged on receipt, with emergency hazards investigated within 24 hours and significant hazards within 10 working days. Damp and mould reports are assessed to agree the right response, from initial treatment to a surveyor inspection. Repeat reports, vulnerable households, extensive mould, and suspected defects are prioritised. Where hazards are found, tenants receive a written summary and remedial works are progressed to Awaab’s Law timescales. We use property intelligence, repairs data, survey findings, and AICO sensors to identify higher-risk homes and intervene early. Surveyors use tools such as thermal imaging, borescopes, fan testing, and drones to diagnose root causes including leaks, poor ventilation, insulation gaps, and condensation risks. Trends also inform future investment. Tenants receive advice through our website, leaflets, and seasonal campaigns to support prevention and early reporting. This combines compliance, proactive monitoring, root cause diagnosis, and tenant engagement to reduce damp and mould risk
E83: Expected date (if applicable)
A85: Resource Management | B85: T3 | C85: C11 | D85: Does the housing provider have a strategy to use or increase the use of responsibly sourced materials for all building and repairs works? If so, how does the housing provider target and measure performance? If planning to develop one, when does the housing provider expect it to be established? | E85: Yes / No / No, but planning to develop one | F85: Yes | G85: % of materials from responsible sources | H85: % of materials
E86: Qualitative response | F86: We have targeted the reduction of environmental impact from how our contractors deliver services within our supply chain. Our simplified environmental and social value section within our tender questions targets prospective contractors on key material issues: • Top management environmental management policies and systems • A clear waste management plan • Commitments to and evidenced delivery of reductions in environmental impact like electric vehicle implementation and the removal of harmful substances and their use in our localities and homes We will be one of the first nationally to deliver operationally net zero homes at scale. These homes are being built to minimise embodied carbon, from the first brick to the last, and will combine on-site renewable energy with low-carbon technologies that work for everyday living. The result: homes that are efficient, climate‑ready, and comfortable right now. Project 100’s success will be defined by lowering the carbon emissions associated with the build process to below 400 kg CO2 emissions/ m2 from the extraction of raw materials up to the handover of the home to the tenant. This is known as cradle-to-gate embodied carbon emissions (A1-A5 in the LETI, UK GBC and adopted by the NZCBS).
E87: Expected Date (if applicable)
C88: C12 | D88: Does the housing provider have a strategy for waste management incorporating building materials? If so, how does the housing provider target and measure performance? If planning to develop one, when does the housing provider expect it to be established? | E88: Yes / No / No, but planning to develop one | F88: Yes | G88: % of materials that are recycled, reused and/or diverted from landfill | H88: % of materials | I88: 0.99
E89: Qualitative response | F89: The Sustainability Plan includes a waste management strategy that incorporates building materials through its commitments on resource efficiency, waste reduction and circular economy principles. The plan specifically commits to applying the Waste Hierarchy (Reduce, Reuse, Recycle, Recover, Dispose) and embedding circular economy principles to reduce waste, maximise resource use and promote longer product lifecycles. It also focuses on sustainable materials and reducing construction and operational waste as a key priority, including in our pioneering Project 100 net zero neighbourhood scheme. Performance will be targeted and measured through a number of specific commitments, including moving managed waste streams into a central waste brokerage contract and maintaining an industry-leading 95% landfill diversion rate, ensuring that most waste is recycled or recovered for energy. The plan also includes procurement and contract management arrangements to monitor waste management performance against defined KPIs. Our total waste services were re-procured and awarded to Reconomy (Nationwide Waste Broker) in March 2025 as part of our Commercial Waste Strategy. The model has centralised our waste services to target VFM, productivity and tenant outcomes. What we have found: • We now have a wider network of regional tipping sites so our teams can tip waste closer to the job and save time and fuel costs • Our buying power has increased enabling us to secure better rates across many of our waste contracts and tipping sites • All our waste documentation is now accessible online, reducing paperwork and resource to evidence our compliance with our Duty of Care • Our relationship with Reconomy provides ongoing consultancy support, helping us respond to issues such as the Birmingham bin strikes, changes to soft furnishings disposal requirements, and wider operational and compliance needs. First year key outcomes: • 99% landfill diversion and 71% recycling rate outperforming industry averages • £400k overall Birmingham Bin Strikes waste saving through increased capacity and productivity changes removing reliance on third-party waste suppliers • Within the £400k, an indicative £60k waste saving directly related to waste cost optimisation, mainly through mixed and black bag waste, soft furnishings, rebates and reducing third party waste services
E90: Expected Date (if applicable)
C91: C13 | D91: Does the housing provider have a strategy for water management? If so, how does the housing provider target and measure performance? If planning to develop one, when does the housing provider expect it to be established? | E91: Yes / No / No, but planning to develop one | F91: Yes | G91: Average internal water efficiency of completed homes in past year | H91: litres/person/day | I91: 138.79
E92: Qualitative response | F92: Our Sustainability Plan to 2030 identifies water stress as climate risk and commits to introducing a water-use device standard in 100%, on a sampled basis, of new bathrooms to help reduce water consumption and customer bills. It includes investment in new homes that incorporate water-use devices and recognises water use and treatment within its carbon emissions reporting boundary. Performance will be measured through the implementation of water-efficiency measures, including the rollout of the new bathroom water-use standard, post-works quality audits, and monitoring of wider resource-use reduction activities as part of the organisation’s sustainability reporting and risk management framework. | G92: Consumption of metered mains water on sites and site offices | H92: m3/100m2 | I92: 61.3
E93: Expected Date (if applicable)
C94: C14 | D94: How is sustainability considered when procuring goods and services? What measures are in place to monitor the sustainability of the supply chain when procuring goods and services? | E94: Qualitative response | F94: Responsible procurement of services to prevent environmental harm We have targeted the reduction of environmental impact from how our contractors deliver services within our supply chain. Our simplified environmental and social value section within our tender questions targets prospective contractors on key material issues: • Top management environmental management policies and systems • A clear waste management plan • Commitments to and evidenced delivery of reductions in environmental impact like electric vehicle implementation and the removal of harmful substances and their use in our localities and homes • Social value legacy through tangible tenant offers and regional employment and skills development opportunities. | G94: What is the relative weighting of environmental impact considerations in procurement policies? | H94: % | I94: 0.05
G95: How does the housing provider monitor supply chain risks, and what initiatives has the housing provider taken to drive higher sustainability performance across its supply chain? | H95: Qualitative response | I95: Strategic and operational risk management within our Risk Management Framework
A97: Affordability | B97: T4 | C97: C15 | D97: For properties that are subject to the rent regulation regime, report against ONE OR BOTH of the following Affordability metrics: - Rent compared to average private rental sector (PRS) rent across the relevant Local Authority - Rent compared to the relevant Local Housing Allowance (LHA) | E97: % of PRS rent (e.g. 80%) | F97: 0.5825 | G97: OPTIONAL: Explanation of response | H97: Qualitative response
E98: % of LHA rent (e.g. 90%) | F98: 0.7346
C99: C16 | D99: Number of existing homes (owned and/or managed) completed before the last financial year allocated to: - General needs (social rent) - Intermediate rent - Affordable rent - Supported Housing (excluding Housing for Older people) - Housing for older people - Low-cost home ownership - Care homes - Private Rented Sector - Private Market Sale - Other | E99: # of General Needs (social rent) units | F99: 21015 | G99: OPTIONAL: Explanation of response | H99: Qualitative response
E100: # of Intermediate Rent units | F100: 7
E101: # of Affordable Rent units | F101: 5012
E102: # of Supported Housing units | F102: 545
E103: # of Housing for Older People units | F103: 1414
E104: # of Low-cost Home Ownership units | F104: 2548
E105: # of Care Home units | F105: 18
E106: # of Private Rented Sector units | F106: 0
E107: # of Private Market Sale units | F107: 133
E108: # of Other units | F108: 3744
C109: C17 | D109: Number of new homes (owned and/or managed) completed before the last financial year allocated to: - General needs (social rent) - Intermediate rent - Affordable rent - Supported Housing (excluding Housing for Older people) - Housing for older people - Low-cost home ownership - Care homes - Private Rented Sector - Private Market Sale - Other | E109: # of General Needs (social rent) units | F109: 124 | G109: Number homes disposed of in the last 12 months, by tenure type | H109: # of homes, by tenure
E110: # of Intermediate Rent units | F110: 0 | G110: Number of homes acquired in the last 12 months, by tenure type | H110: # of homes, by tenure
E111: # of Affordable Rent units | F111: 112 | G111: OPTIONAL: Explanation of response | H111: Qualitative response
E112: # of Supported Housing units | F112: 0
E113: # of Housing for Older People units | F113: 0
...

Sheet Options
C1: Stock | E1: Region | G1: Dropdown options: | I1: SfH Org Name | J1: Identity | K1: NotCurrentIdentity
A2: Yes | C2: x<1,000 homes | E2: North West | G2: The National Housing Federation Code of Governance 2020 | I2: 54North Homes | J2: 54North Homes
A3: No | C3: 1,000<x≤10,000 homes | E3: North East | G3: Community Housing Cymru Code of Governance 2021 | I3: A2Dominion Group | J3: A2Dominion Group
A4: No, but planning to develop one | C4: 10,000<x≤50,000 homes | E4: Yorkshire and The Humber | G4: Scottish Housing Regulator’s Standards of Governance and Financial Management | I4: Abri | J4: abrdn | K4: 1
C5: 50,000<x homes | E5: West Midlands | G5: Northern Ireland Federation of Housing Associations Code of Governance 2023 | I5: Accent Group/Housing | J5: Abri
E6: East Midlands | G6: UK Corporate Governance Code 2024 | I6: Acis Group | J6: Accent Group | K6: 0
E7: South West | G7: Charity Commission Code of Governance | I7: Adra | J7: Acis Group
E8: South East | G8: British Property Federation Code of Governance 2024 | I8: AHH (Affordable Housing & Healthcare Group) | J8: Adra
E9: London | G9: ecoDa Corporate Governance Guidance and Principles for Unlisted Companies | I9: Alliance Homes | J9: AHH (Affordable Housing & Healthcare Group) | K9: 1
E10: Wales | G10: Other | I10: Almond Housing Association | J10: Alliance Homes
E11: Scotland | I11: Amplius | J11: Anchor Hanover
E12: Ireland | I12: Anchor | J12: Angus Housing Association
E13: England | I13: Andium Homes | J13: Aster Group
E14: United Kingdom | I14: Angus Housing Association | J14: Aviva Investors | K14: 1
I15: Apex Housing Association | J15: BAE Systems Pension Funds Investment Management | K15: 1
I16: Ardenglen Housing Association | J16: Barclays | K16: 1
I17: Aster Group | J17: Barnsbury Housing Association
I18: Barnsbury Housing Association | J18: Bield Housing and Care
I19: Beacon Cymru Group | J19: BlackRock Investment Management (UK) | K19: 1
I20: Bield Housing and Care | J20: Blackwood Homes
I21: Black Country Housing Group | J21: BPHA
I22: Blackwood Homes and Care | J22: Broadacres Housing Association
I23: Bluepine Living | J23: Broadland Housing Association
I24: bpha | J24: Bromford Group
I25: Broadacres Housing Association | J25: Calico Homes
I26: Broadland Housing | J26: Caredig
I27: Bromford Flagship | J27: Cartrefi Conwy
I28: Cadarn Housing Group | J28: Choice Housing Ireland
I29: Caledonia Housing Association | J29: CHP
I30: Calico Homes | J30: Chrysalis Supported Association Ltd. | K30: 1
I31: Cardiff Community Housing Association | J31: Civitas Investment Management | K31: 1
I32: Caredig | J32: Civitas Social Housing PLC | K32: 1
I33: Cartrefi Conwy | J33: Clarion Housing Group
I34: Choice Housing | J34: Clwyd Alyn Housing Association
I35: CHP (Chelmer Housing Partnership) | J35: Clydesdale and Yorkshire Bank | K35: 1
I36: Chrysalis Supported Association Ltd. | J36: Coastal Housing Group
I37: Citizen Housing | J37: Cobalt Housing
I38: Clarion Housing Group | J38: Community Housing
I39: ClwydAlyn | J39: Connect Housing
I40: Coastline Housing | J40: Cornerstone Housing
I41: Cobalt Housing | J41: Curo Group
I42: Codi Group | J42: Dolphin Living
I43: Community Housing | J43: Eastlight Community Homes
I44: Connect Housing | J44: Flagship Housing Group
I45: Cornerstone Housing | J45: Fundamentum Property Advisors | K45: 1
I46: Curo Group | J46: Fundamentum Social Housing REIT PLC | K46: 1
I47: Dolphin Living | J47: Futures Housing Group
I48: Eastlight Community Homes | J48: GB Social Housing | K48: 1
I49: ForHousing | J49: Gentoo Group
I50: Futures Housing Group | J50: Gloucester City Homes
I51: Gentoo | J51: Golden Lane Housing
I52: Gloucester City Homes (GCH) | J52: Golding Homes
I53: Golden Lane Housing | J53: Grampian Housing Association
I54: Golding Homes | J54: Grand Union Housing Group
I55: Grampian Housing Association | J55: Great Places Housing Group
I56: Great Places Housing Group | J56: GreenSquareAccord
I57: GreenSquareAccord | J57: Gresham House | K57: 1
I58: Guinness Partnership | J58: Guinness Partnership (Group)
I59: Halton Housing | J59: Halton Housing
I60: Hanover Scotland | J60: Handelsbanken | K60: 1
I61: Harbour Homes | J61: Hanover (Scotland) Housing Association
I62: Havebury Housing Partnership | J62: Harbour Homes
I63: Hedyn | J63: Havebury Housing Partnership
I64: Hillcrest Homes | J64: Henley Investment Management | K64: 1
I65: Home Group | J65: Hillcrest Homes
I66: Homes in Somerset | J66: Home Group
I67: Housing 21 | J67: Housing 21
I68: Hyde | J68: HSBC UK Bank | K68: 1
I69: Jigsaw Homes Group | J69: Hyde Housing Association
I70: Karbon Homes | J70: Insight Investment Management (Global) | K70: 1
I71: Kingdom Housing Association | J71: Jigsaw Homes Group
I72: L&Q | J72: Karbon Homes Association
I73: Langstane Housing Association | J73: London and Quadrant Group
I74: LHP (Lincolnshire Housing Partnership) | J74: Langstane Housing Association
I75: Lincolnshire Rural Housing Association | J75: LaSalle Investment Management | K75: 1
I76: Link Group | J76: Legal & General Investment Management Real Assets | K76: 1
I77: LiveWest Homes | J77: Lincolnshire Housing Partnership
I78: Livin Housing | J78: Linc-Cymru Housing Association
I79: Look Ahead | J79: Lincolnshire Rural Housing Association
I80: Loreburn Housing Association | J80: Link Group
I81: Magenta Living | J81: LiveWest
I82: Metropolitan Thames Valley | J82: livin
I83: MHS Homes Group | J83: Lloyds Bank Commercial Banking | K83: 1
I84: Midland Heart | J84: Look Ahead Care and Support
I85: Moat | J85: Loreburn Housing Association
I86: Monmouthshire Housing Association | J86: M&G Investments | K86: 1
I87: Muir Group | J87: Magenta Living
I88: NCHA | J88: Metropolitan Thames Valley
I89: NewArch Homes | J89: MHS Homes
I90: Newlon Housing Trust | J90: Midland Heart
I91: North Devon Homes | J91: Moat Homes
I92: North Wales Housing | J92: Monmouthshire Housing Association
I93: Northern Ireland Housing Executive (NIHE) | J93: MORhomes | K93: 1
I94: Notting Hill Genesis | J94: National Australia Bank | K94: 1
I95: Ocean Group | J95: NatWest | K95: 1
I96: One Vision Housing | J96: Nottingham Community Housing Association
I97: Orbit Group | J97: NewArch Homes | K97: 1
I98: Origin Housing | J98: Newlon Housing Trust (Association)
I99: Orwell Housing | J99: Newport City Homes
I100: Osprey Housing | J100: Newydd Housing Association
...

Sheet Export
A1: OrgIdentity | B1: Theme | C1: ThemeCode | D1: Criteria | E1: CriteriaCode | F1: Measurement | G1: MeasurementCode | H1: ComponentCode | I1: Value | J1: ComponentCodeOld
A2: =$I$2 -> Midland Heart | B2: Organisation | C2: T0 | D2: Housing Provider details | E2: C0 | F2: Name | G2: M1 | H2: T0C0_M1 | I2: =IF(ISBLANK(Response!F4),"",Response!F4) -> Midland Heart | J2: T0C0_M1
A3: =$I$2 -> Midland Heart | B3: Organisation | C3: T0 | D3: Housing Provider details | E3: C0 | F3: Location (if in more than one English region, select ‘England’; if across multiple nations, select ‘United Kingdom’) | G3: M2 | H3: T0C0_M2 | I3: =IF(ISBLANK(Response!F5),"",Response!F5) -> England | J3: T0C0_M2
A4: =$I$2 -> Midland Heart | B4: Organisation | C4: T0 | D4: Housing Provider details | E4: C0 | F4: Date of SRS disclosure | G4: M3 | H4: T0C0_M3 | I4: =IF(ISBLANK(Response!F6),"",Response!F6) -> 46318 | J4: T0C0_M3
A5: =$I$2 -> Midland Heart | B5: Organisation | C5: T0 | D5: Housing Provider details | E5: C0 | F5: Reporting period (month/year - month/year) | G5: M4 | H5: T0C0_M4 | I5: =IF(ISBLANK(Response!F7),"",Response!F7) -> 04/25 - 03/26 | J5: T0C0_M4
B6: Organisation | C6: T0 | D6: Housing Provider details | E6: C0 | F6: Is the housing provider registered with the national regulator of social housing? | G6: M5 | H6: T0C0_M5 | I6: =IF(ISBLANK(Response!F8),"",Response!F8) -> Yes
B7: Organisation | C7: T0 | D7: Housing Provider details | E7: C0 | F7: Which Code of Governance does the housing provider follow, if any? | G7: M6 | H7: T0C0_M6 | I7: =IF(ISBLANK(Response!F9),"",Response!F9) -> UK Corporate Governance Code 2024
B8: Organisation | C8: T0 | D8: Housing Provider details | E8: C0 | F8: Which Code of Governance does the housing provider follow, if any? | G8: M6 | H8: T0C0_M6i | I8: =IF(ISBLANK(Response!G9),"",Response!G9) -> ...(enter 'Other' governance code here)…
B9: Organisation | C9: T0 | D9: Housing Provider details | E9: C0 | F9: Is the housing provider a Not-For-Profit? | G9: M7 | H9: T0C0_M7 | I9: =IF(ISBLANK(Response!F10),"",Response!F10) -> Yes
B10: Organisation | C10: T0 | D10: Housing Provider details | E10: C0 | F10: If not, who is the largest shareholder? | G10: M8 | H10: T0C0_M8 | I10: =IF(ISBLANK(Response!F11),"",Response!F11)
B11: Organisation | C11: T0 | D11: Housing Provider details | E11: C0 | F11: What is their % of economic ownership? | G11: M9 | H11: T0C0_M9 | I11: =IF(ISBLANK(Response!F12),"",Response!F12)
B12: Organisation | C12: T0 | D12: Housing Provider details | E12: C0 | F12: What % of voting rights do they control? | G12: M10 | H12: T0C0_M10 | I12: =IF(ISBLANK(Response!F13),"",Response!F13)
A13: =$I$2 -> Midland Heart | B13: Climate | C13: T1 | D13: Distribution of EPC ratings of the housing provider's existing homes (those completed before the last financial year). | E13: C1 | F13: % of homes rated A | G13: M1 | H13: T1C1_M1 | I13: =IF(ISBLANK(Response!F16),"",Response!F16) -> 0.010960201 | J13: T1C1_M1
A14: =$I$2 -> Midland Heart | B14: Climate | C14: T1 | D14: Distribution of EPC ratings of the housing provider's existing homes (those completed before the last financial year). | E14: C1 | F14: % of homes rated B | G14: M2 | H14: T1C1_M2 | I14: =IF(ISBLANK(Response!F17),"",Response!F17) -> 0.20671449 | J14: T1C1_M2
A15: =$I$2 -> Midland Heart | B15: Climate | C15: T1 | D15: Distribution of EPC ratings of the housing provider's existing homes (those completed before the last financial year). | E15: C1 | F15: % of homes rated C | G15: M3 | H15: T1C1_M3 | I15: =IF(ISBLANK(Response!F18),"",Response!F18) -> 0.62039835 | J15: T1C1_M3
A16: =$I$2 -> Midland Heart | B16: Climate | C16: T1 | D16: Distribution of EPC ratings of the housing provider's existing homes (those completed before the last financial year). | E16: C1 | F16: % of homes rated D | G16: M4 | H16: T1C1_M4 | I16: =IF(ISBLANK(Response!F19),"",Response!F19) -> 0.16163566 | J16: T1C1_M4
A17: =$I$2 -> Midland Heart | B17: Climate | C17: T1 | D17: Distribution of EPC ratings of the housing provider's existing homes (those completed before the last financial year). | E17: C1 | F17: % of homes rated E or worse | G17: M5 | H17: T1C1_M5 | I17: =IF(ISBLANK(Response!F20),"",Response!F20) -> 0.00018206314 | J17: T1C1_M5
A18: =$I$2 -> Midland Heart | B18: Climate | C18: T1 | D18: Distribution of EPC ratings of the housing provider's existing homes (those completed before the last financial year). | E18: C1 | F18: % of homes without EPC rating (unknown) | G18: M6 | H18: T1C1_M6 | I18: =IF(ISBLANK(Response!F21),"",Response!F21) -> 0.00010923788 | J18: T1C1_M6
A19: =$I$2 -> Midland Heart | B19: Climate | C19: T1 | D19: Average SAP rating of existing homes (those completed before the last financial year). | E19: C1E | F19: Average Rating | G19: M1 | H19: T1C1E_M1 | I19: =IF(ISBLANK(Response!I16),"",Response!I16) -> 74 | J19: T1C1E_M1
A20: =$I$2 -> Midland Heart | B20: Climate | C20: T1 | D20: Energy use intensity of existing homes (those completed before the last financial year). | E20: C1E | F20: kWh/m²/yr | G20: M2 | H20: T1C1E_M2 | I20: =IF(ISBLANK(Response!I17),"",Response!I17) -> 194 | J20: T1C1E_M2
A21: =$I$2 -> Midland Heart | B21: Climate | C21: T1 | D21: Distribution of EPC ratings of the housing provider's new homes (those completed in the last financial year). | E21: C2 | F21: % of homes rated A | G21: M1 | H21: T1C2_M1 | I21: =IF(ISBLANK(Response!F22),"",Response!F22) -> 0.3 | J21: T1C2_M1
A22: =$I$2 -> Midland Heart | B22: Climate | C22: T1 | D22: Distribution of EPC ratings of the housing provider's new homes (those completed in the last financial year). | E22: C2 | F22: % of homes rated B | G22: M2 | H22: T1C2_M2 | I22: =IF(ISBLANK(Response!F23),"",Response!F23) -> 0.7 | J22: T1C2_M2
A23: =$I$2 -> Midland Heart | B23: Climate | C23: T1 | D23: Distribution of EPC ratings of the housing provider's new homes (those completed in the last financial year). | E23: C2 | F23: % of homes rated C | G23: M3 | H23: T1C2_M3 | I23: =IF(ISBLANK(Response!F24),"",Response!F24) -> 0 | J23: T1C2_M3
A24: =$I$2 -> Midland Heart | B24: Climate | C24: T1 | D24: Distribution of EPC ratings of the housing provider's new homes (those completed in the last financial year). | E24: C2 | F24: % of homes rated D | G24: M4 | H24: T1C2_M4 | I24: =IF(ISBLANK(Response!F25),"",Response!F25) -> 0 | J24: T1C2_M4
A25: =$I$2 -> Midland Heart | B25: Climate | C25: T1 | D25: Distribution of EPC ratings of the housing provider's new homes (those completed in the last financial year). | E25: C2 | F25: % of homes rated E or worse | G25: M5 | H25: T1C2_M5 | I25: =IF(ISBLANK(Response!F26),"",Response!F26) -> 0 | J25: T1C2_M5
A26: =$I$2 -> Midland Heart | B26: Climate | C26: T1 | D26: Distribution of EPC ratings of the housing provider's new homes (those completed in the last financial year). | E26: C2 | F26: % of homes without EPC rating (unknown) | G26: M6 | H26: T1C2_M6 | I26: =IF(ISBLANK(Response!F27),"",Response!F27) -> 0 | J26: T1C2_M6
A27: =$I$2 -> Midland Heart | B27: Climate | C27: T1 | D27: Average SAP rating of new homes (those completed in the last financial year). | E27: C2E | F27: Average Rating | G27: M1 | H27: T1C2E_M1 | I27: =IF(ISBLANK(Response!I22),"",Response!I22) -> 85 | J27: T1C2E_M1
A28: =$I$2 -> Midland Heart | B28: Climate | C28: T1 | D28: Does the housing provider have a Net Zero target and strategy? If so, what is it and when does the housing provider intend to be net zeero by? | E28: C3 | F28: Yes/No | G28: M1 | H28: T1C3_M1 | I28: =IF(ISBLANK(Response!F28),"",Response!F28) -> Yes | J28: T1C3_M1
A29: =$I$2 -> Midland Heart | B29: Climate | C29: T1 | D29: Does the housing provider have a Net Zero target and strategy? If so, what is it and when does the housing provider intend to be Net Zero by? | E29: C3 | F29: Qualitative response | G29: M2 | H29: T1C3_M2 | I29: =IF(ISBLANK(Response!F29),"",Response!F29) -> We have a corporate target to be net zero by 2050. We also have corporate mid-term targets to reduce our Scope 1 & 2 emissions within a WB2C pathway by 2030 and an EPC C or above target for all our homes by 2030. | J29: T1C3_M2
A30: =$I$2 -> Midland Heart | B30: Climate | C30: T1 | D30: Is the housing provider's net zero commitment in line with the Science Based Target (SBT) initiative? | E30: C3E | F30: Yes/No | G30: M1 | H30: T1C3E_M1 | I30: =IF(ISBLANK(Response!I28),"",Response!I28) -> Yes | J30: T1C3E_M1
A31: =$I$2 -> Midland Heart | B31: Climate | C31: T1 | D31: Does the housing provider have a costed net zero transition plan? | E31: C3E | F31: Yes/No | G31: M2 | H31: T1C3E_M2 | I31: =IF(ISBLANK(Response!I29),"",Response!I29) -> Partial. We have a plan to meet the current legal requirements, and we have stress tested further expenditure to meet draft MEES requirements to 2039 | J31: T1C3E_M2
A32: =$I$2 -> Midland Heart | B32: Climate | C32: T1 | D32: What progress has the housing provider achieved in the last 12 months towards its Net Zero targets and strategy? What retrofit activities has the housing provider undertaken in the last 12 months in relation to its housing stock? | E32: C4 | F32: Qualitative response | G32: M1 | H32: T1C4_M1 | I32: =IF(ISBLANK(Response!F30),"",Response!F30) -> Our total CO2 emissions were 91,593 tonnes, representing a decrease of c.12,000 tonnes compared to last year. We are c.32,000 tonnes below our 2019-20 baseline and on track to meet our science based Well Below 2°C (WB2C) net zero target for 2050. Key drivers of change: • Property portfolio simplification – The sale of properties last year led to significant reductions in our Scope 1 and 2 purchased energy emissions. This has been partially offset by the building of new energy efficient homes. • Purchasing bulk renewable electricity – our purchased contracted electricity is fully renewable (REGO backed) since October 2025. • Fleet and travel emissions – Scope 1 fuel use from our van fleet increased slightly reflecting a higher number of jobs attended by operatives. Expensed fuel use by colleagues also rose, driven by increasing scheme visits and policy change. • Home energy efficiency – Improvements to independently heated homes delivered a combined c7,000 tonnes reduction in Scope 3 emissions. We have now reached 84% EPC C or above, up from 80% last year. Energy efficiency measures: We increased investment in energy efficiency through our retrofit programmes and Homes for Modern Living initiatives in tenants’ homes, and we built all new homes to a high energy-efficiency standard of EPC B or above. • 312 homes improved from EPC E–D to EPC C–A through our Social Housing Decarbonisation Fund (SHDF) Wave 2 programme • 871 new smart or automated meters (AMRs) installed since 2023 • 1,662 new energy-efficient boilers installed • 201 electric heating systems installed (including storage and panel heaters) • 621 solar PV arrays installed across existing homes, including in-roof PV through our re-roofing programme • 140 properties fitted with new double-glazed windows • 436 properties received insulation and triple-glazed windows • 849 insulation top-ups completed • 1,327 homes improved from EPC D (or below) to EPC C (or above) toward our 2030 goal | J32: T1C4_M1
A33: =$I$2 -> Midland Heart | B33: Climate | C33: T1 | D33: Number of homes that have been retrofitted in the last financial year. | E33: C4E | F33: # of homes | G33: M1 | H33: T1C4E_M1 | I33: =IF(ISBLANK(Response!I30),"",Response!I30) -> 1327 | J33: T1C4E_M1
A34: =$I$2 -> Midland Heart | B34: Climate | C34: T1 | D34: Homes that have been retrofitted in the last financial year as a percentage of the total homes the housing provider needs to retrofit to meet its net zero commitments. | E34: C4E | F34: % of homes requiring retrofit activities | G34: M2 | H34: T1C4E_M2 | I34: =IF(ISBLANK(Response!I31),"",Response!I31) -> 0.22836001 | J34: T1C4E_M2
A35: =$I$2 -> Midland Heart | B35: Climate | C35: T1 | D35: Scope 1, Scope 2 and Scope 3 Green House Gas emissions Scope 1, Scope 2 and Scope 3 Green House Gas emissions per home If unable to report emissions data, please state when the housing provider is expected to be able to do so. | E35: C5 | F35: Scope 1: tonnes CO2 equivalent | G35: M1 | H35: T1C5_M1 | I35: =IF(ISBLANK(Response!F32),"",Response!F32) -> 3024.9797 | J35: T1C5_M1
A36: =$I$2 -> Midland Heart | B36: Climate | C36: T1 | D36: Scope 1, Scope 2 and Scope 3 Green House Gas emissions Scope 1, Scope 2 and Scope 3 Green House Gas emissions per home If unable to report emissions data, please state when the housing provider is expected to be able to do so. | E36: C5 | F36: Scope 2: tonnes CO2 equivalent | G36: M2 | H36: T1C5_M2 | I36: =IF(ISBLANK(Response!F33),"",Response!F33) -> 667.63 | J36: T1C5_M2
A37: =$I$2 -> Midland Heart | B37: Climate | C37: T1 | D37: Scope 1, Scope 2 and Scope 3 Green House Gas emissions Scope 1, Scope 2 and Scope 3 Green House Gas emissions per home If unable to report emissions data, please state when the housing provider is expected to be able to do so. | E37: C5 | F37: Scope 3: tonnes CO2 [Category 1 – Purchased goods and services] | G37: M3_1 | H37: T1C5_M3_1 | I37: =IF(ISBLANK(Response!F34),"",Response!F34) -> 28319.328 | J37: T1C5_M3_1
A38: =$I$2 -> Midland Heart | B38: Climate | C38: T1 | D38: Scope 1, Scope 2 and Scope 3 Green House Gas emissions Scope 1, Scope 2 and Scope 3 Green House Gas emissions per home If unable to report emissions data, please state when the housing provider is expected to be able to do so. | E38: C5 | F38: Scope 3: tonnes CO2 [Category 2 – Capital goods] | G38: M3_2 | H38: T1C5_M3_2 | I38: =IF(ISBLANK(Response!F35),"",Response!F35) | J38: T1C5_M3_2
A39: =$I$2 -> Midland Heart | B39: Climate | C39: T1 | D39: Scope 1, Scope 2 and Scope 3 Green House Gas emissions Scope 1, Scope 2 and Scope 3 Green House Gas emissions per home If unable to report emissions data, please state when the housing provider is expected to be able to do so. | E39: C5 | F39: Scope 3: tonnes CO2 [Category 3 – Fuel- and energy-related activities] | G39: M3_3 | H39: T1C5_M3_3 | I39: =IF(ISBLANK(Response!F36),"",Response!F36) | J39: T1C5_M3_3
A40: =$I$2 -> Midland Heart | B40: Climate | C40: T1 | D40: Scope 1, Scope 2 and Scope 3 Green House Gas emissions Scope 1, Scope 2 and Scope 3 Green House Gas emissions per home If unable to report emissions data, please state when the housing provider is expected to be able to do so. | E40: C5 | F40: Scope 3: tonnes CO2 [Category 4 – Upstream transportation and distribution] | G40: M3_4 | H40: T1C5_M3_4 | I40: =IF(ISBLANK(Response!F37),"",Response!F37) -> 152.82046 | J40: T1C5_M3_4
A41: =$I$2 -> Midland Heart | B41: Climate | C41: T1 | D41: Scope 1, Scope 2 and Scope 3 Green House Gas emissions Scope 1, Scope 2 and Scope 3 Green House Gas emissions per home If unable to report emissions data, please state when the housing provider is expected to be able to do so. | E41: C5 | F41: Scope 3: tonnes CO2 [Category 5 – Waste generated in operations] | G41: M3_5 | H41: T1C5_M3_5 | I41: =IF(ISBLANK(Response!F38),"",Response!F38) -> 0.21557 | J41: T1C5_M3_5
A42: =$I$2 -> Midland Heart | B42: Climate | C42: T1 | D42: Scope 1, Scope 2 and Scope 3 Green House Gas emissions Scope 1, Scope 2 and Scope 3 Green House Gas emissions per home If unable to report emissions data, please state when the housing provider is expected to be able to do so. | E42: C5 | F42: Scope 3: tonnes CO2 [Category 6 – Business travel] | G42: M3_6 | H42: T1C5_M3_6 | I42: =IF(ISBLANK(Response!F39),"",Response!F39) -> 248.65045 | J42: T1C5_M3_6
A43: =$I$2 -> Midland Heart | B43: Climate | C43: T1 | D43: Scope 1, Scope 2 and Scope 3 Green House Gas emissions Scope 1, Scope 2 and Scope 3 Green House Gas emissions per home If unable to report emissions data, please state when the housing provider is expected to be able to do so. | E43: C5 | F43: Scope 3: tonnes CO2 [Category 7 – Employee commuting] | G43: M3_7 | H43: T1C5_M3_7 | I43: =IF(ISBLANK(Response!F40),"",Response!F40) -> 853.92088 | J43: T1C5_M3_7
A44: =$I$2 -> Midland Heart | B44: Climate | C44: T1 | D44: Scope 1, Scope 2 and Scope 3 Green House Gas emissions Scope 1, Scope 2 and Scope 3 Green House Gas emissions per home If unable to report emissions data, please state when the housing provider is expected to be able to do so. | E44: C5 | F44: Scope 3: tonnes CO2 [Category 8 – Upstream leased assets] | G44: M3_8 | H44: T1C5_M3_8 | I44: =IF(ISBLANK(Response!F41),"",Response!F41) | J44: T1C5_M3_8
A45: =$I$2 -> Midland Heart | B45: Climate | C45: T1 | D45: Scope 1, Scope 2 and Scope 3 Green House Gas emissions Scope 1, Scope 2 and Scope 3 Green House Gas emissions per home If unable to report emissions data, please state when the housing provider is expected to be able to do so. | E45: C5 | F45: Scope 3: tonnes CO2 [Category 9 – Downstream transportation and distribution] | G45: M3_9 | H45: T1C5_M3_9 | I45: =IF(ISBLANK(Response!F42),"",Response!F42) | J45: T1C5_M3_9
A46: =$I$2 -> Midland Heart | B46: Climate | C46: T1 | D46: Scope 1, Scope 2 and Scope 3 Green House Gas emissions Scope 1, Scope 2 and Scope 3 Green House Gas emissions per home If unable to report emissions data, please state when the housing provider is expected to be able to do so. | E46: C5 | F46: Scope 3: tonnes CO2 [Category 10 – Processing of sold products] | G46: M3_10 | H46: T1C5_M3_10 | I46: =IF(ISBLANK(Response!F43),"",Response!F43) | J46: T1C5_M3_10
... A51: =$I$2 -> Midland Heart | B51: Climate | C51: T1 | D51: Scope 1, Scope 2 and Scope 3 Green House Gas emissions Scope 1, Scope 2 and Scope 3 Green House Gas emissions per home If unable to report emissions data, please state when the housing provider is expected to be able to do so. | E51: C5 | F51: Scope 3: tonnes CO2 [Category 15 – Investments] | G51: M3_15 | H51: T1C5_M3_15 | I51: =IF(ISBLANK(Response!F48),"",Response!F48) | J51: T1C5_M3_15
B52: Climate | C52: T1 | D52: Scope 1, Scope 2 and Scope 3 Green House Gas emissions Scope 1, Scope 2 and Scope 3 Green House Gas emissions per home If unable to report emissions data, please state when the housing provider is expected to be able to do so. | E52: C5 | F52: Scope 3: tonnes CO2 equivalent [Total] | G52: M3_16 | H52: T1C5_M3_16 | I52: =IF(ISBLANK(Response!F49),"",Response!F49) -> 87900.572
A53: =$I$2 -> Midland Heart | B53: Climate | C53: T1 | D53: Scope 1, Scope 2 and Scope 3 Green House Gas emissions Scope 1, Scope 2 and Scope 3 Green House Gas emissions per home If unable to report emissions data, please state when the housing provider is expected to be able to do so. | E53: C5 | F53: Scope 1, 2, & 3: Total tonnes CO2 equivalent | G53: M4 | H53: T1C5_M4 | I53: =IF(ISBLANK(Response!F50),"",Response!F50) -> 91593.182 | J53: T1C5_M4
A54: =$I$2 -> Midland Heart | B54: Climate | C54: T1 | D54: Scope 1, Scope 2 and Scope 3 Green House Gas emissions Scope 1, Scope 2 and Scope 3 Green House Gas emissions per home If unable to report emissions data, please state when the housing provider is expected to be able to do so. | E54: C5 | F54: Scope 1: tonnes CO2 equivalent / home | G54: M5 | H54: T1C5_M5 | I54: =IF(ISBLANK(Response!F51),"",Response!F51) -> 0.088073711 | J54: T1C5_M5
A55: =$I$2 -> Midland Heart | B55: Climate | C55: T1 | D55: Scope 1, Scope 2 and Scope 3 Green House Gas emissions Scope 1, Scope 2 and Scope 3 Green House Gas emissions per home If unable to report emissions data, please state when the housing provider is expected to be able to do so. | E55: C5 | F55: Scope 2: tonnes CO2 equivalent / home | G55: M6 | H55: T1C5_M6 | I55: =IF(ISBLANK(Response!F52),"",Response!F52) -> 0.019438363 | J55: T1C5_M6
A56: =$I$2 -> Midland Heart | B56: Climate | C56: T1 | D56: Scope 1, Scope 2 and Scope 3 Green House Gas emissions Scope 1, Scope 2 and Scope 3 Green House Gas emissions per home If unable to report emissions data, please state when the housing provider is expected to be able to do so. | E56: C5 | F56: Scope 3: tonnes CO2 / home [Category 1 – Purchased goods and services] | G56: M7_1 | H56: T1C5_M7_1 | I56: =IF(ISBLANK(Response!F53),"",Response!F53) -> 0.82453061 | J56: T1C5_M7_1
A57: =$I$2 -> Midland Heart | B57: Climate | C57: T1 | D57: Scope 1, Scope 2 and Scope 3 Green House Gas emissions Scope 1, Scope 2 and Scope 3 Green House Gas emissions per home If unable to report emissions data, please state when the housing provider is expected to be able to do so. | E57: C5 | F57: Scope 3: tonnes CO2 / home [Category 2 – Capital goods] | G57: M7_2 | H57: T1C5_M7_2 | I57: =IF(ISBLANK(Response!F54),"",Response!F54) -> 0 | J57: T1C5_M7_2
A58: =$I$2 -> Midland Heart | B58: Climate | C58: T1 | D58: Scope 1, Scope 2 and Scope 3 Green House Gas emissions Scope 1, Scope 2 and Scope 3 Green House Gas emissions per home If unable to report emissions data, please state when the housing provider is expected to be able to do so. | E58: C5 | F58: Scope 3: tonnes CO2 / home [Category 3 – Fuel- and energy-related activities] | G58: M7_3 | H58: T1C5_M7_3 | I58: =IF(ISBLANK(Response!F55),"",Response!F55) -> 0 | J58: T1C5_M7_3
A59: =$I$2 -> Midland Heart | B59: Climate | C59: T1 | D59: Scope 1, Scope 2 and Scope 3 Green House Gas emissions Scope 1, Scope 2 and Scope 3 Green House Gas emissions per home If unable to report emissions data, please state when the housing provider is expected to be able to do so. | E59: C5 | F59: Scope 3: tonnes CO2 / home [Category 4 – Upstream transportation and distribution] | G59: M7_4 | H59: T1C5_M7_4 | I59: =IF(ISBLANK(Response!F56),"",Response!F56) -> 0.0044494399 | J59: T1C5_M7_4
A60: =$I$2 -> Midland Heart | B60: Climate | C60: T1 | D60: Scope 1, Scope 2 and Scope 3 Green House Gas emissions Scope 1, Scope 2 and Scope 3 Green House Gas emissions per home If unable to report emissions data, please state when the housing provider is expected to be able to do so. | E60: C5 | F60: Scope 3: tonnes CO2 / home [Category 5 – Waste generated in operations] | G60: M7_5 | H60: T1C5_M7_5 | I60: =IF(ISBLANK(Response!F57),"",Response!F57) -> 6.2764223e-06 | J60: T1C5_M7_5
A61: =$I$2 -> Midland Heart | B61: Climate | C61: T1 | D61: Scope 1, Scope 2 and Scope 3 Green House Gas emissions Scope 1, Scope 2 and Scope 3 Green House Gas emissions per home If unable to report emissions data, please state when the housing provider is expected to be able to do so. | E61: C5 | F61: Scope 3: tonnes CO2 / home [Category 6 – Business travel] | G61: M7_6 | H61: T1C5_M7_6 | I61: =IF(ISBLANK(Response!F58),"",Response!F58) -> 0.0072395752 | J61: T1C5_M7_6
A62: =$I$2 -> Midland Heart | B62: Climate | C62: T1 | D62: Scope 1, Scope 2 and Scope 3 Green House Gas emissions Scope 1, Scope 2 and Scope 3 Green House Gas emissions per home If unable to report emissions data, please state when the housing provider is expected to be able to do so. | E62: C5 | F62: Scope 3: tonnes CO2 / home [Category 7 – Employee commuting] | G62: M7_7 | H62: T1C5_M7_7 | I62: =IF(ISBLANK(Response!F59),"",Response!F59) -> 0.024862309 | J62: T1C5_M7_7
A63: =$I$2 -> Midland Heart | B63: Climate | C63: T1 | D63: Scope 1, Scope 2 and Scope 3 Green House Gas emissions Scope 1, Scope 2 and Scope 3 Green House Gas emissions per home If unable to report emissions data, please state when the housing provider is expected to be able to do so. | E63: C5 | F63: Scope 3: tonnes CO2 / home [Category 8 – Upstream leased assets] | G63: M7_8 | H63: T1C5_M7_8 | I63: =IF(ISBLANK(Response!F60),"",Response!F60) -> 0 | J63: T1C5_M7_8
A64: =$I$2 -> Midland Heart | B64: Climate | C64: T1 | D64: Scope 1, Scope 2 and Scope 3 Green House Gas emissions Scope 1, Scope 2 and Scope 3 Green House Gas emissions per home If unable to report emissions data, please state when the housing provider is expected to be able to do so. | E64: C5 | F64: Scope 3: tonnes CO2 / home [Category 9 – Downstream transportation and distribution] | G64: M7_9 | H64: T1C5_M7_9 | I64: =IF(ISBLANK(Response!F61),"",Response!F61) -> 0 | J64: T1C5_M7_9
... A70: =$I$2 -> Midland Heart | B70: Climate | C70: T1 | D70: Scope 1, Scope 2 and Scope 3 Green House Gas emissions Scope 1, Scope 2 and Scope 3 Green House Gas emissions per home If unable to report emissions data, please state when the housing provider is expected to be able to do so. | E70: C5 | F70: Scope 3: tonnes CO2 / home [Category 15 – Investments] | G70: M7_15 | H70: T1C5_M7_15 | I70: =IF(ISBLANK(Response!F67),"",Response!F67) -> 0 | J70: T1C5_M7_15
B71: Climate | C71: T1 | D71: Scope 1, Scope 2 and Scope 3 Green House Gas emissions Scope 1, Scope 2 and Scope 3 Green House Gas emissions per home If unable to report emissions data, please state when the housing provider is expected to be able to do so. | E71: C5 | F71: Scope 3: tonnes CO2 equivalent / home [Total] | G71: M7_16 | H71: T1C5_M7_16 | I71: =IF(ISBLANK(Response!F68),"",Response!F68) -> 2.5592666
A72: =$I$2 -> Midland Heart | B72: Climate | C72: T1 | D72: Scope 1, Scope 2 and Scope 3 Green House Gas emissions Scope 1, Scope 2 and Scope 3 Green House Gas emissions per home If unable to report emissions data, please state when the housing provider is expected to be able to do so. | E72: C5 | F72: Scope 1, 2, & 3: Total tonnes CO2 equivalent / home | G72: M8 | H72: T1C5_M8 | I72: =IF(ISBLANK(Response!F69),"",Response!F69) -> 2.6667787 | J72: T1C5_M8
A73: =$I$2 -> Midland Heart | B73: Climate | C73: T1 | D73: Scope 1, Scope 2 and Scope 3 Green House Gas emissions Scope 1, Scope 2 and Scope 3 Green House Gas emissions per home If unable to report emissions data, please state when the housing provider is expected to be able to do so. | E73: C5 | F73: Expected Reporting Date (if appropriate) | G73: M9 | H73: T1C5_M9 | I73: =IF(ISBLANK(Response!F70),"",Response!F70) | J73: T1C5_M9
A74: =$I$2 -> Midland Heart | B74: Climate | C74: T1 | D74: Does the housing provider qualify for SECR reporting? | E74: C5E | F74: Yes/No | G74: M1 | H74: T1C5E_M1 | I74: =IF(ISBLANK(Response!I32),"",Response!I32) -> Yes | J74: T1C5E_M1
A75: =$I$2 -> Midland Heart | B75: Climate | C75: T1 | D75: SECR Intensity Ratio for Total Emissions (Scope 1-3) | E75: C5E | F75: tonnes CO2e/m² | G75: M2 | H75: T1C5E_M2 | I75: =IF(ISBLANK(Response!I33),"",Response!I33) | J75: T1C5E_M2
B76: Climate | C76: T1 | D76: Has the housing provider mapped and assessed the increased flood risks to its homes caused by climate change in the last 2 years? How is the housing provider mitigating these risks? | E76: C6 | F76: Yes/No | G76: M1 | H76: T1C6_M1 | I76: =IF(ISBLANK(Response!F71),"",Response!F71) -> Yes
B77: Climate | C77: T1 | D77: Has the housing provider mapped and assessed the increased flood risks to its homes caused by climate change in the last 2 years? How is the housing provider mitigating these risks? | E77: C6 | F77: Qualitative response | G77: M2 | H77: T1C6_M2 | I77: =IF(ISBLANK(Response!F72),"",Response!F72) -> Our Risk Management Policy sets out how we identify and manage strategic and operational climate risks. The Board Audit and Risk Committee reviews strategic risks quarterly, including transitional risks arising from decarbonisation like the cost of retrofitting homes, and emerging risks such as more frequent severe weather events and policy change. We work with retained insurance and risk consultants, Gibbs Laidler, alongside insurer reviews and independent analysis from SHIFT, to help monitor physical climate risks across our portfolio and horizon-scan for emerging threats. Key threats for the sector include flooding, windstorm, and overheating. Gibbs Laidler assesses flood and storm risk factors at postcode level and aggregates these into an overall location score to support prioritisation and mitigation planning. Approximately 4% of our homes are at medium to high risk of flooding. Mitigation and management actions include: Adherence to building and planning standards in new build developments, maintenance of grounds and drainage infrastructure, supporting tenants with remediation action, and working with Local Authorities to review changing climate risk.
B78: Climate | C78: T1 | D78: Has the housing provider mapped and assessed the increased water stress risks to its homes caused by climate change in the last 2 years? How is the housing provider mitigating these risks? | E78: C7 | F78: Yes/No | G78: M1 | H78: T1C7_M1 | I78: =IF(ISBLANK(Response!F73),"",Response!F73) -> No
B79: Climate | C79: T1 | D79: Has the housing provider mapped and assessed the increased water stress risks to its homes caused by climate change in the last 2 years? How is the housing provider mitigating these risks? | E79: C7 | F79: Qualitative response | G79: M2 | H79: T1C7_M2 | I79: =IF(ISBLANK(Response!F74),"",Response!F74) -> We have not mapped and assessed water stress risks in our homes. We have worked with retained insurance and risk consultants, Gibbs Laidler, alongside insurer reviews, to help monitor physical climate risks across our portfolio and horizon-scan for emerging threats including subsidence. For water stress risks in our homes we are updating the specifications for our new build and existing homes to improve the efficiency of water use devices. Our new Sustainability Plan to 2030 sets out a target to embed more efficient water use devices into our kitchens & bathrooms upgrade programmes.
B80: Climate | C80: T1 | D80: Has the housing provider mapped and assessed the increased drought risks to its homes caused by climate change in the last 2 years? How is the housing provider mitigating these risks? | E80: C8 | F80: Yes/No | G80: M1 | H80: T1C8_M1 | I80: =IF(ISBLANK(Response!F75),"",Response!F75) -> Yes
B81: Climate | C81: T1 | D81: Has the housing provider mapped and assessed the increased drought risks to its homes caused by climate change in the last 2 years? How is the housing provider mitigating these risks? | E81: C8 | F81: Qualitative response | G81: M2 | H81: T1C8_M2 | I81: =IF(ISBLANK(Response!F76),"",Response!F76) -> Our Sustainability Plan to 2030 sets out how we are managing the risk of overheating. We face three main climate-related risk categories: transitional financial, transitional non-financial, and physical risks. Across all areas, including finance, policy change, and supply chain resilience, risks are being strategically and operationally managed. A few areas (like policy and severe weather impacts) are noted as emerging risks, but overall risk management systems are in place. Our Risk Management Policy sets out how we identify and manage strategic and operational climate risks. The Board Audit and Risk Committee reviews strategic risks quarterly, including transitional risks arising from decarbonisation like the cost of retrofitting homes, and emerging risks such as more frequent severe weather events and policy change. To mitigate and manage the risk of overheating we are delivering: Compliance with TM59 overheating assessments in new homes, where required, investment in our existing homes to improve insulation standards and airflow through natural and mechanical ventilation, managing defects and related issues to heating and cooling system efficiency and effectiveness, and supporting tenants in significant weather events with advice and direct support in emergency conditions. This includes the use of Aico sensors as detailed in our ESG Report.
B82: Climate | C82: T1 | D82: Has the housing provider mapped and assessed any other additional climate risks, such as wildfire or storms, to its homes in the last 2 years? | E82: C6-8E | F82: Yes/No | G82: M1 | H82: T1C6-8E_M1 | I82: =IF(ISBLANK(Response!I71),"",Response!I71) -> Yes
B83: Climate | C83: T1 | D83: How is the housing provider mitigating these risks? | E83: C6-8E | F83: Qualitative response | G83: M2 | H83: T1C6-8E_M2 | I83: =IF(ISBLANK(Response!I73),"",Response!I73) -> We work with retained insurance and risk consultants, Gibbs Laidler, alongside insurer reviews and independent analysis from SHIFT, to help monitor physical climate risks across our portfolio and horizon-scan for emerging threats. Key threats for the sector include flooding, windstorm, and overheating. Gibbs Laidler assesses flood and storm risk factors at postcode level and aggregates these into an overall location score to support prioritisation and mitigation planning.
B84: Climate | C84: T1 | D84: Has the housing provider assessed its climate-related transition risks? | E84: C6-8E | F84: Yes/No | G84: M3 | H84: T1C6-8E_M3 | I84: =IF(ISBLANK(Response!I74),"",Response!I74) -> Yes
B85: Climate | C85: T1 | D85: How is the housing provider mitigating these risks? | E85: C6-8E | F85: Qualitative response | G85: M4 | H85: T1C6-8E_M4 | I85: =IF(ISBLANK(Response!I76),"",Response!I76) -> We face three main climate-related risk categories: transitional financial, transitional non-financial, and physical risks. Across all areas, including finance, policy change, and supply chain resilience, risks are being strategically and operationally managed. A few areas (like policy and severe weather impacts) are noted as emerging risks, but overall risk management systems are in place. Our Risk Management Policy sets out how we identify and manage strategic and operational climate risks. The Board Audit and Risk Committee reviews strategic risks quarterly, including transitional risks arising from decarbonisation like the cost of retrofitting homes, and emerging risks such as more frequent severe weather events and policy change.We aim to align with IFRS S1 and S2 where relevant and applicable.
B86: Nature | C86: T2 | D86: Does the housing provider have a strategy to enhance green space and promote biodiversity on or near homes? If yes, please describe, with reference to targets in this area. If no, is the housing provider planning on producing one in the next 12 months? | E86: C9 | F86: Yes / No / No, but planning to develop one | G86: M1 | H86: T2C9_M1
A87: =$I$2 -> Midland Heart | B87: Nature | C87: T2 | D87: Does the housing provider have a strategy to enhance green space and promote biodiversity on or near homes? If yes, please describe, with reference to targets in this area. If no, is the housing provider planning on producing one in the next 12 months? | E87: C9 | F87: Qualitative response | G87: M2 | H87: T2C9_M2 | I87: =IF(ISBLANK(Response!F79),"",Response!F79) -> The Sustainability Plan includes a strategy to enhance green space and biodiversity through its new build programme and wider neighbourhood investment approach. The plan commits to delivering new homes in nature-positive schemes, protecting and enhancing biodiversity, integrating green spaces into developments, and balancing housing growth with environmental stewardship. It also identifies biodiversity and ecosystems as a material sustainability theme and commits to improving environmental conditions within local neighbourhoods. The housing provider has set specific targets by 2030, including delivering 2,750 new homes built to enhanced sustainability standards and targeting the delivery of onsite Biodiversity Net Gain (BNG), where required. The plan states that nature-positive measures will provide tangible benefits for tenants and nature, while helping to manage flood risk and urban overheating through natural solutions. In addition, locality-based environmental improvement projects will be delivered alongside tenants, focusing on outdoor and shared spaces within communities. | J87: T2C7_M1
A88: =$I$2 -> Midland Heart | B88: Nature | C88: T2 | D88: Average Biodiversity Net Gain (BNG) per development, of developments that have gained planning permission in the past year | E88: C9E | F88: % | G88: M1 | H88: T2C9E_M1 | I88: =IF(ISBLANK(Response!I78),"",Response!I78) -> 0.1 | J88: T2C7E_M1
B89: Nature | C89: T2 | D89: Does the housing provider have a Biodiversity Net Gain target for new homes? | E89: C9E | F89: Yes / No / No, but planning to develop one | G89: M2 | H89: T2C9E_M2 | I89: =IF(ISBLANK(Response!I79),"",Response!I79) -> Yes
A90: =$I$2 -> Midland Heart | B90: Nature | C90: T2 | D90: Does this exceed minimum requirements? | E90: C9E | F90: Yes / No | G90: M3 | H90: T2C9E_M3 | I90: =IF(ISBLANK(Response!I80),"",Response!I80) -> No | J90: T2C7E_M4
A91: =$I$2 -> Midland Heart | B91: Nature | C91: T2 | D91: Does the housing provider have a strategy to identify, manage and reduce pollutants that could cause material harm? If so, how does the housing provider target and measure performance? | E91: C10 | F91: Yes / No / No, but planning to develop one | G91: M1 | H91: T2C10_M1 | I91: =IF(ISBLANK(Response!F81),"",Response!F81) -> Yes | J91: T2C8_M1
A92: =$I$2 -> Midland Heart | B92: Nature | C92: T2 | D92: Does the housing provider have a strategy to identify, manage and reduce pollutants that could cause material harm? If so, how does the housing provider target and measure performance? | E92: C10 | F92: Qualitative response | G92: M2 | H92: T2C10_M2 | I92: =IF(ISBLANK(Response!F82),"",Response!F82) -> Midland Heart manages emergency hazards in line with Awaab’s Law and Our 2030 Plan supported by daily oversight, weekly reviews, and compliance reporting.Housing Health and Safety Rating System (HHSRS). Reports are triaged on receipt, with emergency hazards investigated within 24 hours and significant hazards within 10 working days. Damp and mould reports are assessed to agree the right response, from initial treatment to a surveyor inspection. Repeat reports, vulnerable households, extensive mould, and suspected defects are prioritised. Where hazards are found, tenants receive a written summary and remedial works are progressed to Awaab’s Law timescales. We use property intelligence, repairs data, survey findings, and AICO sensors to identify higher-risk homes and intervene early. Surveyors use tools such as thermal imaging, borescopes, fan testing, and drones to diagnose root causes including leaks, poor ventilation, insulation gaps, and condensation risks. Trends also inform future investment. Tenants receive advice through our website, leaflets, and seasonal campaigns to support prevention and early reporting. This combines compliance, proactive monitoring, root cause diagnosis, and tenant engagement to reduce damp and mould risk | J92: T2C8_M2
B93: Nature | C93: T2 | D93: Does the housing provider have a strategy to identify, manage and reduce pollutants that could cause material harm? If so, how does the housing provider target and measure performance? | E93: C10 | F93: Expected date (if applicable) | G93: M3 | H93: T2C10_M3 | I93: =IF(ISBLANK(Response!F83),"",Response!F83)
A94: =$I$2 -> Midland Heart | B94: Resource Management | C94: T3 | D94: Does the housing provider have a strategy to use or increase the use of responsibly sourced materials for all building and repairs works? If so, how does the housing provider target and measure performance? If planning to develop one, when does the housing provider expect it to be established? | E94: C11 | F94: Yes / No / No, but planning to develop one | G94: M1 | H94: T3C11_M1 | I94: =IF(ISBLANK(Response!F85),"",Response!F85) -> Yes | J94: T3C9_M1
A95: =$I$2 -> Midland Heart | B95: Resource Management | C95: T3 | D95: Does the housing provider have a strategy to use or increase the use of responsibly sourced materials for all building and repairs works? If so, how does the housing provider target and measure performance? If planning to develop one, when does the housing provider expect it to be established? | E95: C11 | F95: Qualitative response | G95: M2 | H95: T3C11_M2 | I95: =IF(ISBLANK(Response!F86),"",Response!F86) -> We have targeted the reduction of environmental impact from how our contractors deliver services within our supply chain. Our simplified environmental and social value section within our tender questions targets prospective contractors on key material issues: • Top management environmental management policies and systems • A clear waste management plan • Commitments to and evidenced delivery of reductions in environmental impact like electric vehicle implementation and the removal of harmful substances and their use in our localities and homes We will be one of the first nationally to deliver operationally net zero homes at scale. These homes are being built to minimise embodied carbon, from the first brick to the last, and will combine on-site renewable energy with low-carbon technologies that work for everyday living. The result: homes that are efficient, climate‑ready, and comfortable right now. Project 100’s success will be defined by lowering the carbon emissions associated with the build process to below 400 kg CO2 emissions/ m2 from the extraction of raw materials up to the handover of the home to the tenant. This is known as cradle-to-gate embodied carbon emissions (A1-A5 in the LETI, UK GBC and adopted by the NZCBS). | J95: T3C9_M2
B96: Resource Management | C96: T3 | D96: Does the housing provider have a strategy to use or increase the use of responsibly sourced materials for all building and repairs works? If so, how does the housing provider target and measure performance? If planning to develop one, when does the housing provider expect it to be established? | E96: C11 | F96: Expected Date (if applicable) | G96: M3 | H96: T3C11_M3 | I96: =IF(ISBLANK(Response!F87),"",Response!F87)
A97: =$I$2 -> Midland Heart | B97: Resource Management | C97: T3 | D97: % of materials from responsible sources | E97: C11E | F97: % of materials | G97: M1 | H97: T3C11E_M1 | I97: =IF(ISBLANK(Response!I85),"",Response!I85) | J97: T3C9E_M1
A98: =$I$2 -> Midland Heart | B98: Resource Management | C98: T3 | D98: Does the housing provider have a strategy for waste management incorporating building materials? If so, how does the housing provider target and measure performance? If planning to develop one, when does the housing provider expect it to be established? | E98: C12 | F98: Yes / No / No, but planning to develop one | G98: M1 | H98: T3C12_M1 | I98: =IF(ISBLANK(Response!F88),"",Response!F88) -> Yes | J98: T3C10_M1
A99: =$I$2 -> Midland Heart | B99: Resource Management | C99: T3 | D99: Does the housing provider have a strategy for waste management incorporating building materials? If so, how does the housing provider target and measure performance? If planning to develop one, when does the housing provider expect it to be established? | E99: C12 | F99: Qualitative response | G99: M2 | H99: T3C12_M2 | I99: =IF(ISBLANK(Response!F89),"",Response!F89) -> The Sustainability Plan includes a waste management strategy that incorporates building materials through its commitments on resource efficiency, waste reduction and circular economy principles. The plan specifically commits to applying the Waste Hierarchy (Reduce, Reuse, Recycle, Recover, Dispose) and embedding circular economy principles to reduce waste, maximise resource use and promote longer product lifecycles. It also focuses on sustainable materials and reducing construction and operational waste as a key priority, including in our pioneering Project 100 net zero neighbourhood scheme. Performance will be targeted and measured through a number of specific commitments, including moving managed waste streams into a central waste brokerage contract and maintaining an industry-leading 95% landfill diversion rate, ensuring that most waste is recycled or recovered for energy. The plan also includes procurement and contract management arrangements to monitor waste management performance against defined KPIs. Our total waste services were re-procured and awarded to Reconomy (Nationwide Waste Broker) in March 2025 as part of our Commercial Waste Strategy. The model has centralised our waste services to target VFM, productivity and tenant outcomes. What we have found: • We now have a wider network of regional tipping sites so our teams can tip waste closer to the job and save time and fuel costs • Our buying power has increased enabling us to secure better rates across many of our waste contracts and tipping sites • All our waste documentation is now accessible online, reducing paperwork and resource to evidence our compliance with our Duty of Care • Our relationship with Reconomy provides ongoing consultancy support, helping us respond to issues such as the Birmingham bin strikes, changes to soft furnishings disposal requirements, and wider operational and compliance needs. First year key outcomes: • 99% landfill diversion and 71% recycling rate outperforming industry averages • £400k overall Birmingham Bin Strikes waste saving through increased capacity and productivity changes removing reliance on third-party waste suppliers • Within the £400k, an indicative £60k waste saving directly related to waste cost optimisation, mainly through mixed and black bag waste, soft furnishings, rebates and reducing third party waste services | J99: T3C10_M2
B100: Resource Management | C100: T3 | D100: Does the housing provider have a strategy for waste management incorporating building materials? If so, how does the housing provider target and measure performance? If planning to develop one, when does the housing provider expect it to be established? | E100: C12 | F100: Expected Date (if applicable) | G100: M3 | H100: T3C12_M3 | I100: =IF(ISBLANK(Response!F90),"",Response!F90)
A101: =$I$2 -> Midland Heart | B101: Resource Management | C101: T3 | D101: % of materials that are recycled, reused and/or diverted from landfill | E101: C12E | F101: % of materials | G101: M1 | H101: T3C12E_M1 | I101: =IF(ISBLANK(Response!I88),"",Response!I88) -> 0.99 | J101: T3C10E_M1
A102: =$I$2 -> Midland Heart | B102: Resource Management | C102: T3 | D102: Does the housing provider have a strategy for water management? If so, how does the housing provider target and measure performance? | E102: C13 | F102: Yes / No / No, but planning to develop one | G102: M1 | H102: T3C13_M1 | I102: =IF(ISBLANK(Response!F91),"",Response!F91) -> Yes | J102: T3C11_M1
A103: =$I$2 -> Midland Heart | B103: Resource Management | C103: T3 | D103: Does the housing provider have a strategy for water management? If so, how does the housing provider target and measure performance? | E103: C13 | F103: Qualitative response | G103: M2 | H103: T3C13_M2 | I103: =IF(ISBLANK(Response!F92),"",Response!F92) -> Our Sustainability Plan to 2030 identifies water stress as climate risk and commits to introducing a water-use device standard in 100%, on a sampled basis, of new bathrooms to help reduce water consumption and customer bills. It includes investment in new homes that incorporate water-use devices and recognises water use and treatment within its carbon emissions reporting boundary. Performance will be measured through the implementation of water-efficiency measures, including the rollout of the new bathroom water-use standard, post-works quality audits, and monitoring of wider resource-use reduction activities as part of the organisation’s sustainability reporting and risk management framework. | J103: T3C11_M2
B104: Resource Management | C104: T3 | D104: Does the housing provider have a strategy for water management? If so, how does the housing provider target and measure performance? | E104: C13 | F104: Expected Date (if applicable) | G104: M3 | H104: T3C13_M3 | I104: =IF(ISBLANK(Response!F93),"",Response!F93)
B105: Resource Management | C105: T3 | D105: Average internal water efficiency of completed homes in past year | E105: C13E | F105: litres/person/day | G105: M1 | H105: T3C13E_M1 | I105: =IF(ISBLANK(Response!I91),"",Response!I91) -> 138.79
B106: Resource Management | C106: T3 | D106: Consumption of metered mains water on sites and site offices | E106: C13E | F106: m3/100m2 | G106: M2 | H106: T3C13E_M2 | I106: =IF(ISBLANK(Response!I92),"",Response!I92) -> 61.3
A107: =$I$2 -> Midland Heart | B107: Resource Management | C107: T3 | D107: How is sustainability considered when the housing provider is procuring goods and services? What measures are in place to monitor the sustainability of the supply chain when procuring goods and services? | E107: C14 | F107: Qualitative response | G107: M1 | H107: T3C14_M1 | I107: =IF(ISBLANK(Response!F94),"",Response!F94) -> Responsible procurement of services to prevent environmental harm We have targeted the reduction of environmental impact from how our contractors deliver services within our supply chain. Our simplified environmental and social value section within our tender questions targets prospective contractors on key material issues: • Top management environmental management policies and systems • A clear waste management plan • Commitments to and evidenced delivery of reductions in environmental impact like electric vehicle implementation and the removal of harmful substances and their use in our localities and homes • Social value legacy through tangible tenant offers and regional employment and skills development opportunities. | J107: T12C46_M1
A108: =$I$2 -> Midland Heart | B108: Resource Management | C108: T3 | D108: What is the relative weighting of environmental impact considerations in procurement policies? | E108: C14E | F108: % | G108: M1 | H108: T3C14E_M1 | I108: =IF(ISBLANK(Response!I94),"",Response!I94) -> 0.05 | J108: T12C46E_M1
A109: =$I$2 -> Midland Heart | B109: Resource Management | C109: T3 | D109: How does the housing provider monitor supply chain risks, and what initiatives has the housing provider taken to drive higher sustainability performance across its supply chain? | E109: C14E | F109: Qualitative response | G109: M2 | H109: T3C14E_M2 | I109: =IF(ISBLANK(Response!I95),"",Response!I95) -> Strategic and operational risk management within our Risk Management Framework | J109: T12C46E_M2
...
